 Dungeon Sprint DCSS version 0.26-a0-665-gefeb406119 (webtiles) character file.

Game seed: 15778028721115829680

633 mhtbhm the Geomancer (level 7, -7/36 HPs)
             Began as a Deep Elf Earth Elementalist on Oct 16, 2020.
             Blown up by Sonja (21 damage)
             ... with a disintegration bolt
             ... in the Dungeon (Sprint I: "Red Sonja").
             The game lasted 00:02:28 (823 turns).

mhtbhm the Geomancer (Deep Elf Earth Elementalist)   Turns: 823, Time: 00:02:28

Health: -7/36      AC:  2    Str:  5    XL:     7   Next: 24%
Magic:  10/23      EV: 17    Int: 22    God:
Gold:   351        SH:  0    Dex: 15    Spells: 13/28 levels left

rFire    . . .     SeeInvis .   (no weapon)
rCold    . . .     Faith    .   (no shield)
rNeg     . . .     Spirit   .   c - +0 robe
rPois    .         Reflect  .   (no helmet)
rElec    .         Harm     .   (no cloak)
rCorr    .         Rampage  .   (no gloves)
MR       .....     NoTele   +   (no boots)
Stlth    ++........             (no amulet)
HPRegen  0.12/turn              (no ring)
MPRegen  0.18/turn              (no ring)

@: no status effects
A: no striking features
a: no special abilities


You were in the Dungeon.
You visited 1 branch You collected 351 gold pieces.

Inventory:

Missiles
 b - 22 stones (quivered)
Armour
 c - a +0 robe (worn)
Wands
 a - a wand of polymorph (3)
Scrolls
 i - a scroll of blinking
Potions
 d - a potion of curing
 e - a potion of heal wounds
 f - a potion of haste
 g - 2 potions of magic


   Skills:
 + Level 7.3 Dodging
 - Level 3.2 Stealth
 - Level 0.8 Unarmed Combat
 + Level 11.4 Spellcasting
 + Level 2.6 Conjurations
 + Level 3.5 Transmutations
 + Level 12.1 Earth Magic


You had 13 spell levels left.
You knew the following spells:

 Your Spells              Type           Power        Failure   Level
a - Sandblast             Erth           ######       1%          1
b - Passwall              Tmut/Erth      #####...     1%          2
c - Stone Arrow           Conj/Erth      #####.       1%          3
d - Lee's Rapid Deconstr  Erth           ######....   1%          5
e - Petrify               Tmut/Erth      #####...     1%          4

Your spell library contained the following spells:

 Spells                   Type           Power        Failure   Level


Dungeon Overview and Level Annotations

Branches:
Dungeon (1/1)

Altars:
Cheibriados
Dithmenos
Elyvilon
Fedhas
Gozag
Hepliaklqana
Kikubaaqudgha
Makhleb
Nemelex Xobeh
Okawaru
Qazlal
Ru
Sif Muna
Trog
Uskayaw
Vehumet
Wu Jian
Xom
Yredelemnul
Zin
The Shining One
Jiyva
Lugonu

Shops:
D (

Annotations:
D Sonja


Message History

Aim: Sonja, wielding a +1 short sword of venom, quivering 6 curare-tipped darts and carrying a wand of disintegration (15) (chance to defeat MR: 78%) Sonja barely resists.
Unknown command.
Casting: Petrify (dangerous; 1% risk of failure)
Confirm with . or Enter, or press ? or * to list all spells.
Aiming: Petrify (dangerous; 1% risk of failure)
Press: ? - help, Shift-Dir - straight line, f/p - Sonja
Aim: Sonja, wielding a +1 short sword of venom, quivering 6 curare-tipped darts and carrying a wand of disintegration (15) (chance to defeat MR: 78%) Sonja is moving more slowly.
Unknown command.
Casting: Petrify (dangerous; 1% risk of failure)
Confirm with . or Enter, or press ? or * to list all spells.
Aiming: Lee's Rapid Deconstruction (dangerous; 1% risk of failure)
Press: ? - help, Dir - move target cursor, f/p - Sonja Fragment what (e.g. wall or brittle monster)?: Sonja, wielding a +1 short sword of venom, quivering 6 curare-tipped darts and carrying a wand of disintegration (15) (petrifying slowly) Sonja shatters!
Sonja is moderately wounded.
Sonja zaps a wand.
You are blasted!
Ouch! That really hurt!
You die...

###################
#<.#..)..#..'..#__#
#.)'..#..').#..'..+
#..#####'#####'#__#
#..####..#...#)####
#..#__####..##)#
#..#_____##'#_.+
#⌠⌠#_.∩...'.(._#
####_..__##_@#'#
#..#_____###'#)#
########## #K###
$.$ $.$ ##.## #+#


You could see Sonja (petrifying).

Vanquished Creatures
  A slime creature (D)
  Sigmund (D)
  A yak (D)
  An ogre (D)
  A jelly (D)
  Ijyb (D)
6 creatures vanquished.

Notes
Turn   | Place    | Note
-------+----------+-------------------------------------------
     0 | D        | mhtbhm the Deep Elf Earth Elementalist began the quest for
                  | the Orb.
     0 | D        | Reached XP level 1. HP: 10/10 MP: 6/6
     1 | D        | Noticed Ijyb
    17 | D        | Killed Ijyb
    17 | D        | Reached skill level 5 in Earth Magic
    17 | D        | Reached XP level 2. HP: 15/15 MP: 5/9
    55 | D        | Learned a level 2 spell: Passwall
   106 | D        | Noticed an ogre
   110 | D        | Killed an ogre
   110 | D        | Reached skill level 8 in Earth Magic
   110 | D        | Reached XP level 3. HP: 19/19 MP: 5/13
   110 | D        | Reached XP level 4. HP: 24/24 MP: 5/14
   189 | D        | Learned a level 3 spell: Stone Arrow
   189 | D        | Noticed Sigmund
   217 | D        | Killed Sigmund
   217 | D        | Reached skill level 1 in Conjurations
   217 | D        | Reached skill level 10 in Earth Magic
   217 | D        | Reached XP level 5. HP: 19/28 MP: 3/18
   217 | D        | Reached XP level 6. HP: 22/32 MP: 3/19
   326 | D        | Found an ornate altar of the Wu Jian Council.
   326 | D        | Found a shimmering blue altar of Sif Muna.
   328 | D        | Found a radiant altar of Vehumet.
   384 | D        | Learned a level 5 spell: Lee's Rapid Deconstruction
   389 | D        | Learned a level 4 spell: Petrify
   391 | D        | Found Poqeuhat's Weapon Emporium.
   391 | D        | Found an ancient bone altar of Kikubaaqudgha.
   391 | D        | Found a hazy altar of Hepliaklqana.
   391 | D        | Found a stormy altar of Qazlal.
   391 | D        | Found a hide-covered altar of Uskayaw.
   391 | D        | Found a blossoming altar of Fedhas.
   391 | D        | Found a bloodstained altar of Trog.
   391 | D        | Found an iron altar of Okawaru.
   391 | D        | Found a basalt altar of Yredelemnul.
   391 | D        | Found a glowing golden altar of the Shining One.
   391 | D        | Found a snail-covered altar of Cheibriados.
   391 | D        | Found a sacrificial altar of Ru.
   391 | D        | Found a glowing silver altar of Zin.
   391 | D        | Found a shadowy altar of Dithmenos.
   391 | D        | Found a white marble altar of Elyvilon.
   391 | D        | Noticed a yak
   393 | D        | Killed a yak
   393 | D        | Reached skill level 10 in Spellcasting
   393 | D        | Reached skill level 11 in Earth Magic
   456 | D        | Found an opulent altar of Gozag.
   457 | D        | Found a sparkling altar of Nemelex Xobeh.
   474 | D        | Found a burning altar of Makhleb.
   474 | D        | Found a viscous altar of Jiyva.
   474 | D        | Found a shimmering altar of Xom.
   474 | D        | Found a corrupted altar of Lugonu.
   474 | D        | Noticed a slime creature
   626 | D        | Killed a slime creature
   626 | D        | Reached skill level 12 in Earth Magic
   626 | D        | Reached XP level 7. HP: 36/36 MP: 6/23
   820 | D        | Noticed Sonja
   823 | D        | Blown up by Sonja

Illustrated notes

Levels and vault maps discovered:
D:        dungeon_sprint_1 [red_sonja_temple_1, red_sonja_temple_small_1]

Skill      XL: |  1  2  3  4  5  6 |
---------------+-------------------+-----
Dodging        | 3 4 6 7 |  7.3
Stealth        | 3 |  3.2
Spellcasting   | 4 6 8 11 | 11.4
Earth Magic    | 5 8 10 12 | 12.1
Conjurations   | 1 2 |  2.6
Transmutations | 2 3 |  3.5
Unarmed Combat | |  0.8

Action                   |  1- 3 |  4- 6 |  7- 9 || total
-------------------------+-------+-------+-------++-------
Melee: Unarmed           |    12 |       |       ||    12
 Cast: Sandblast         |     5 |     3 |       ||     8
       Passwall          |     2 |       |       ||     2
       Stone Arrow       |       |     4 |       ||     4
       Lee's Rapid Decon |       |     6 |     2 ||     8
       Petrify           |       |     2 |     2 ||     4
  Use: Potion            |     1 |       |       ||     1
Armor: Skin              |     1 |       |       ||     1
Dodge: Dodged            |     5 |     1 |     1 ||     7

Table legend: (Time is in decaauts)
 A = Elapsed time spent in this place.
 B = Non-inter-level travel time spent in this place.
 C = Inter-level travel time spent in this place.
 D = Time resting spent in this place.
 E = Time spent auto-exploring this place.
 F = Levels seen in this place.
 G = Mean time per level.
                   A        B        C        D        E       F      G
               +--------+--------+--------+--------+--------+-----+--------+
         Total |    827 |    827 |      0 |    626 |      1 |   1 |  827.0 |
       Dungeon |    827 |    827 |      0 |    626 |      1 |   1 |  827.0 |
               +--------+--------+--------+--------+--------+-----+--------+

Top non-repeatable levels by time:
       D: 827 daAuts
